Map: Inside and Out

Players

Creator - Winner!

  • Race: Protoss Protoss
  • League: Master
  • Spawn Location: 1:00

RagnaroK (SHIN)

  • Race: Zerg Zerg
  • League: Master
  • Spawn Location: 7:00

VOD

Have the link to the VOD?

Description

Time

  • Played on: Oct. 20, 2022, 8:17 a.m.
  • Length: 12:48
Show
View Real Time Build Order
Export as new Build Order

Creator Protoss - Winner!

Build Orders: 1 Gate Expand, Archon Immortal, Archon Drop, Dark Templar Rush 

Get SALT Encoding   

  12  0:00  Probe  
  13  0:12  Pylon  
  13  0:17  Probe (Chrono Boost)  
  14  0:27  Probe (Chrono Boost)  
  15  0:32  Probe (Chrono Boost)  
  16  0:37  Gateway  
  16  0:44  Probe  
  16  0:47  Assimilator  
  17  0:56  Probe  
  18  1:08  Probe  
  19  1:20  Probe  
  19  1:24  Nexus  
  20  1:36  Cybernetics Core  
  20  1:38  Probe  
  21  1:44  Assimilator  
  21  1:50  Probe  
  21  1:54  Pylon  
  22  2:02  Probe  
  23  2:09  Adept (Chrono Boost)  
  23  2:14  Probe  
  26  2:22  Twilight Council  
  26  2:24  Warp Gate  
  26  2:26  Probe (Chrono Boost)  
  27  2:32  Stalker  
  30  2:38  Probe x2 (Chrono Boost)  
  31  2:46  Probe (Chrono Boost)  
  31  2:47  Probe (Chrono Boost)  
  33  2:51  Robotics Facility  
  33  2:52  Probe  
  34  2:59  Probe  
  34  3:04  Probe  
  36  3:10  Gateway  
  36  3:13  Dark Shrine  
  36  3:15  Probe  
  36  3:18  Probe  
  38  3:21  Adept  
  40  3:27  Probe  
  40  3:31  Gateway  
  40  3:33  Probe  
  42  3:39  Probe, Pylon  
  43  3:43  Warp Prism (Chrono Boost)  
  43  3:48  Probe  
  46  3:53  Assimilator  
  46  3:57  Probe  
  46  4:00  Probe  
  46  4:01  Assimilator  
  48  4:04  Pylon  
  48  4:09  Probe  
  49  4:11  Adept x2  
  49  4:13  Probe  
  49  4:14  Pylon  
  54  4:22  Probe  
  54  4:23  Pylon  
  55  4:25  Probe  
  55  4:28  Dark Templar  
  58  4:33  Adept x2  
  62  4:42  Probe x2  
  56  4:53  Nexus  
  56  4:54  Dark Templar  
  56  4:58  Dark Templar  
  60  5:02  Pylon  
  60  5:10  Dark Templar  
  60  5:11  Probe x2  
  64  5:15  Archon  
  64  5:17  Observer  
  64  5:18  Gateway  
  64  5:19  Forge  
  65  5:22  Archon  
  65  5:23  Probe x2  
  65  5:27  Shield Battery  
  67  5:28  Sentry  
  69  5:35  Probe x2 (Chrono Boost)  
  69  5:37  Blink  
  71  5:43  Sentry  
  71  5:46  Probe x2 (Chrono Boost)  
  71  5:49  Protoss Ground Weapons Level 1 (Chrono Boost)  
  75  5:51  Probe x2 (Chrono Boost)  
  75  5:54  Immortal  
  81  6:01  Pylon  
  81  6:02  Probe x2 (Chrono Boost)  
  83  6:09  Probe (Chrono Boost)  
  83  6:10  Probe (Chrono Boost)  
  83  6:11  Probe (Chrono Boost)  
  83  6:16  Probe  
  85  6:18  Probe  
  85  6:20  Gateway x2  
  85  6:21  Probe  
  87  6:27  Pylon  
  87  6:31  Dark Templar x2  
  87  6:32  Immortal (Chrono Boost)  
  91  6:35  Shield Battery  
  91  6:36  Shield Battery  
  91  6:37  Archon  
  91  6:39  Sentry  
  96  6:40  Shield Battery  
  96  6:42  Shield Battery  
  96  6:44  Stalker  
  98  6:48  Shield Battery  
  98  6:52  Pylon  
  98  6:56  Shield Battery  
  98  7:03  Immortal  
  98  7:05  Sentry  
  98  7:06  Stalker x2  
  108  7:11  Assimilator  
  108  7:13  Assimilator  
  107  7:23  Dark Templar x2  
  107  7:24  Zealot, Probe x3  
  107  7:26  Pylon  
  107  7:29  Gateway  
  116  7:31  Archon, Gateway  
  116  7:40  Photon Cannon  
  116  7:42  Observer  
  116  7:43  Charge  
  117  7:46  Zealot x3, Protoss Ground Weapons Level 2 (Chrono Boost)  
  123  8:00  Pylon  
  123  8:01  Dark Templar x2, Photon Cannon  
  123  8:02  Zealot  
  129  8:06  Stalker  
  129  8:11  Pylon  
  131  8:14  Archon  
  131  8:19  Immortal  
  135  8:23  Pylon  
  135  8:24  Pylon  
  135  8:27  Zealot, Dark Templar x2  
  135  8:32  Probe x2  
  135  8:33  Archon  
  139  8:53  Dark Templar x2, Stalker x2  
  147  8:58  Archon, Immortal  
  151  9:04  Nexus  
  151  9:06  Stalker, Pylon  
  151  9:07  Stalker x2  
  157  9:20  Zealot, Dark Templar x2  
  163  9:24  Pylon  
  163  9:25  Pylon  
  163  9:26  Gateway  
  163  9:27  Pylon  
  163  9:28  Archon  
  163  9:35  Pylon  
  163  9:39  Nexus  
  163  9:41  Stalker  
  163  9:42  Stalker x3  
  163  9:45  Stalker  
  173  9:46  Observer  
  173  9:52  Dark Templar  
  175  9:53  Zealot, Dark Templar  
  175  9:56  Pylon  
  175  9:58  Photon Cannon  
  179  10:01  Archon  
  179  10:21  Dark Templar  
  179  10:22  Dark Templar x3  
  179  10:23  Zealot x3  
  179  10:26  Archon  
  179  10:27  Archon  
  193  10:30  Dark Templar  
  193  10:31  Pylon  
  193  10:33  Photon Cannon  
  193  10:34  Zealot  
  143  10:49  Stalker x3  
  130  10:54  Zealot x4  
  130  10:55  Zealot  
  138  11:03  Zealot  
  122  11:14  Zealot x3  
  122  11:17  Zealot  
  122  11:18  Zealot x4  
  118  11:22  Immortal  
  118  11:24  Stalker  
  110  11:38  Stalker x6  
  116  11:45  Dark Templar  
  116  11:51  Dark Templar x2  
  116  11:59  Dark Templar x3  
  114  12:05  Archon  
  114  12:06  Archon  
  114  12:07  Archon, Stalker x2  
  108  12:16  Stalker x3  
  110  12:25  Stalker x3  
  116  12:31  Stalker  
  116  12:32  Stalker  
Show
View Real Time Build Order
Export as new Build Order

RagnaroK Zerg 

Build Orders: Hatch First 

Get SALT Encoding   

  12  0:00  Drone  
  13  0:12  Overlord  
  13  0:16  Drone  
  14  0:30  Drone  
  14  0:31  Drone  
  17  0:42  Drone  
  17  0:51  Hatchery  
  17  0:54  Drone  
  17  0:58  Drone  
  18  1:09  Extractor  
  17  1:14  Spawning Pool  
  16  1:18  Drone  
  16  1:22  Drone  
  18  1:29  Drone  
  19  1:39  Drone  
  20  1:50  Overlord  
  20  2:01  Queen  
  20  2:02  Queen  
  20  2:04  Zergling x4  
  26  2:11  Drone  
  26  2:14  Drone  
  28  2:21  Drone  
  29  2:24  Metabolic Boost  
  29  2:28  Drone  
  30  2:37  Hatchery  
  30  2:39  Zergling x2  
  30  2:42  Drone  
  31  2:49  Queen  
  33  2:54  Overlord  
  33  2:58  Drone x2  
  35  3:02  Drone  
  36  3:13  Drone x2  
  36  3:14  Drone x3  
  36  3:18  Queen  
  43  3:22  Overlord  
  43  3:23  Drone  
  44  3:30  Overlord  
  44  3:40  Queen  
  46  3:41  Roach Warren  
  46  3:43  Drone  
  46  3:44  Drone  
  46  3:45  Drone  
  49  3:48  Drone x2  
  49  3:50  Drone  
  49  3:52  Drone  
  52  3:57  Drone  
  52  3:58  Overlord  
  53  4:04  Drone  
  53  4:05  Zergling x6  
  56  4:10  Zergling x2  
  56  4:11  Zergling x2  
  56  4:14  Spore Crawler x2  
  56  4:15  Zergling x2  
  57  4:18  Zergling x2  
  57  4:21  Zergling x2  
  59  4:25  Overlord  
  59  4:26  Roach x3  
  59  4:29  Zergling x2  
  66  4:33  Zergling x8  
  66  4:35  Overlord  
  70  4:40  Drone x2  
  70  4:41  Drone x2  
  71  4:46  Drone  
  71  4:48  Spore Crawler  
  71  4:50  Drone  
  71  4:51  Drone  
  73  4:57  Overlord  
  73  4:58  Drone x3  
  73  4:59  Drone x3  
  79  5:04  Extractor  
  79  5:05  Extractor  
  79  5:06  Drone x4  
  80  5:10  Extractor  
  80  5:11  Lair  
  80  5:12  Drone  
  81  5:14  Drone  
  81  5:17  Overlord  
  81  5:21  Drone  
  82  5:22  Extractor  
  82  5:24  Extractor  
  82  5:25  Roach  
  83  5:30  Overlord  
  83  5:32  Roach x3  
  89  5:35  Overlord  
  89  5:36  Roach  
  89  5:41  Drone x2  
  91  5:44  Roach x3  
  91  5:45  Roach  
  91  5:47  Overlord  
  91  5:49  Overlord  
  99  5:54  Roach  
  99  5:55  Roach  
  103  5:58  Overlord  
  103  6:00  Roach x2  
  104  6:11  Overlord  
  104  6:13  Overseer  
  104  6:14  Overseer  
  104  6:15  Zergling x8  
  108  6:19  Zergling x10  
  108  6:23  Overlord  
  113  6:26  Zergling x4  
  113  6:27  Zergling x2  
  113  6:30  Zergling x2  
  113  6:31  Zergling x2  
  118  6:34  Zergling x2  
  118  6:37  Ravager x3  
  118  6:38  Ravager x3  
  126  6:40  Zergling x2  
  126  6:41  Zergling x2  
  126  6:43  Zergling x2  
  128  6:50  Drone x6  
  128  6:53  Drone  
  128  6:54  Drone, Extractor  
  136  6:57  Baneling Nest  
  136  7:00  Drone, Overlord, Evolution Chamber  
  134  7:01  Drone  
  134  7:03  Drone  
  134  7:06  Hatchery  
  135  7:09  Roach x2  
  135  7:10  Overseer  
  135  7:14  Roach x2  
  142  7:23  Drone x3  
  142  7:26  Zerg Melee Weapons Level 1  
  142  7:27  Drone  
  146  7:31  Zergling x6, Spire  
  146  7:35  Zergling x10, Roach  
  155  7:41  Centrifugal Hooks  
  155  7:46  Drone x5  
  160  7:54  Zergling x4  
  160  7:55  Drone  
  163  7:59  Drone x3  
  163  8:04  Drone  
  167  8:06  Drone  
  167  8:07  Overlord x2  
  167  8:08  Overlord  
  167  8:10  Overlord  
  167  8:14  Overlord  
  167  8:16  Baneling  
  167  8:19  Drone  
  168  8:25  Drone  
  169  8:28  Infestation Pit, Drone  
  169  8:29  Drone x2  
  171  8:39  Glial Reconstitution  
  171  8:41  Hatchery  
  171  8:43  Zergling x2, Roach  
  171  8:44  Zergling x6  
  171  8:47  Zergling x8  
  179  8:52  Zergling x10, Roach  
  179  8:55  Baneling x11  
  186  8:57  Baneling x24  
  186  8:58  Baneling x12  
  186  9:04  Zergling x14  
  193  9:11  Zergling x10, Roach  
  193  9:14  Baneling x8  
  200  9:19  Baneling x8  
  200  9:20  Overlord  
  198  9:34  Zergling x2, Hive  
  198  9:35  Zergling x4  
  197  9:39  Baneling x7  
  197  9:43  Overseer  
  197  9:46  Drone  
  197  9:47  Drone  
  197  9:49  Zergling x4  
  198  9:54  Zerg Melee Weapons Level 2  
  198  9:58  Baneling x3  
  198  10:03  Overseer  
  198  10:07  Spore Crawler  
  198  10:08  Spine Crawler  
  198  10:10  Zergling x8  
  198  10:12  Spine Crawler  
  196  10:22  Zergling x8  
  200  10:35  Roach  
  158  10:43  Zergling x6, Roach x3  
  158  10:45  Zergling x40, Roach x5  
  158  10:47  Zergling x4, Roach  
  185  10:51  Baneling x7  
  185  10:53  Overlord  
  185  10:56  Roach x2  
  187  10:57  Roach  
  187  10:59  Roach  
  187  11:02  Roach  
  183  11:05  Roach x3  
  183  11:07  Roach  
  183  11:08  Roach x2  
  183  11:11  Roach x3  
  168  11:14  Roach x4  
  168  11:16  Overseer  
  168  11:18  Roach  
  143  11:20  Roach x4  
  126  11:27  Roach  
  126  11:29  Roach x2  
  126  11:30  Roach x2  
  126  11:31  Roach  
  126  11:32  Roach x3  
  134  11:34  Roach x5  
  134  11:39  Roach  
  131  11:42  Roach x5  
  131  11:43  Roach  
  129  11:51  Roach  
  129  11:52  Roach  
  129  11:53  Roach x2  
  105  12:02  Roach x2  
  105  12:03  Roach x7  
  105  12:04  Roach  
  105  12:06  Zergling x2  
  105  12:08  Ravager  
  125  12:09  Overseer  
  125  12:10  Zergling x6  
  125  12:15  Roach x2  
  120  12:17  Roach  
  120  12:18  Roach  
  120  12:20  Zergling x4  
  116  12:26  Roach  
Tags
 
Add a new tag
Caveats
  • Supply blocks, unpowered buildings, or Contaminate may cause inaccurate times.
  • Supply counts are checked every 10 seconds.